 Dungeon Crawl Stone Soup version 0.28.0 (webtiles) character file.

Game seed: 2691722120502993956

240 SnakkuSnakku7 the Vexing (level 6, -2/41 HPs)
             Began as a Human Enchanter on Feb 9, 2022.
             Was an Initiate of Kikubaaqudgha.
             Slain by a water moccasin skeleton (6 damage)
             ... on level 4 of the Dungeon.
             The game lasted 00:04:58 (3511 turns).

SnakkuSnakku7 the Vexing (Human Enchanter)          Turns: 3511, Time: 00:04:58

Health: -2/41      AC:  3    Str:  9    XL:     6   Next: 30%
Magic:  9/9        EV: 12    Int: 17    God:    Kikubaaqudgha [......]
Gold:   178        SH:  0    Dex: 13    Spells: 7/9 levels left

rFire   . . .      SeeInvis .   a - +1 dagger
rCold   . . .      Faith    .   (no shield)
rNeg    . . .      Spirit   .   b - +0 robe
rPois   .          Reflect  .   (no helmet)
rElec   .          Harm     .   (no cloak)
rCorr   .          Rampage  .   g - +0 pair of gloves
Will    .....                   (no boots)
Stlth   ++........              (no amulet)
HPRegen 0.13/turn               (no ring)
MPRegen 0.11/turn               (no ring)

@: no status effects
A: no striking features
a: Renounce Religion


You were on level 4 of the Dungeon.
You worshipped Kikubaaqudgha.
Kikubaaqudgha was noncommittal.
You visited 2 branches of the dungeon, and saw 5 of its levels.

You collected 178 gold pieces.

Inventory:

Hand Weapons
 a - a +1 dagger (weapon)
Armour
 b - a +0 robe (worn)
 g - a +0 pair of gloves (worn)
Scrolls
 d - a scroll of noise {unknown}
 e - a scroll of fear {unknown}
 f - a scroll of amnesia
 j - a scroll of enchant armour {unknown}
 k - a scroll of silence {unknown}
 l - a scroll of enchant weapon {unknown}
 m - 2 scrolls of magic mapping
 n - a scroll of brand weapon
Potions
 c - a potion of invisibility
 h - a potion of heal wounds {unknown}
 o - a potion of magic


   Skills:
 - Level 4.0 Short Blades
 - Level 2.0 Dodging
 - Level 3.0 Stealth
 - Level 2.0 Spellcasting
 + Level 5.2 Hexes


You had 7 spell levels left.
You knew the following spells:

 Your Spells              Type           Power      Damage    Failure   Level
a - Ensorcelled Hibernat  Hex/Ice        20%        N/A       10%         2

Your spell library contained the following spells:

 Spells                   Type           Power      Damage    Failure   Level
 Slow                     Hex            76%        N/A       2%          1
 Confusing Touch          Hex            19%        N/A       7%          3
 Tukima's Dance           Hex            19%        N/A       7%          3
 Dazzling Flash           Conj/Hex       20%        N/A       21%         3
 Vampiric Draining        Necr           1%         2d6       50%         3


Dungeon Overview and Level Annotations

Branches:
Dungeon (4/15)             Temple (1/1) D:4

Altars:
Dithmenos
Kikubaaqudgha
Xom
Zin


Message History

The water moccasin skeleton is moderately damaged.
The water moccasin skeleton bites you.
You barely miss the water moccasin skeleton.
The water moccasin skeleton is moderately damaged.
The water moccasin skeleton bites you.
You hit the water moccasin skeleton.
The water moccasin skeleton is heavily damaged.
The water moccasin skeleton bites you.
You hit the water moccasin skeleton.
The water moccasin skeleton is heavily damaged.
The water moccasin skeleton closely misses you.
You hit the water moccasin skeleton.
The water moccasin skeleton is heavily damaged.
The water moccasin skeleton bites you but does no damage.
You closely miss the water moccasin skeleton.
The water moccasin skeleton is heavily damaged.
The water moccasin skeleton bites you.
You hit the water moccasin skeleton.
The water moccasin skeleton is severely damaged.
The water moccasin skeleton bites you.
You hit the water moccasin skeleton.
The water moccasin skeleton is severely damaged.
The water moccasin skeleton bites you.
* * * LOW HITPOINT WARNING * * *
You barely miss the water moccasin skeleton.
The water moccasin skeleton is severely damaged.
The water moccasin skeleton closely misses you.
You hit the water moccasin skeleton but do no damage.
The water moccasin skeleton is severely damaged.
The water moccasin skeleton bites you.
* * * LOW HITPOINT WARNING * * *
You hit the water moccasin skeleton.
Your punch misses the water moccasin skeleton.
The water moccasin skeleton is almost destroyed.
The water moccasin skeleton bites you.
* * * LOW HITPOINT WARNING * * *
It was a potion of magic.
Magic courses through your body. The water moccasin skeleton bites you.
You die...
Kikubaaqudgha rasps: "You have failed me!
Welcome... death!"

#### ...# ## #..#
. #?.# #.#..#
#.#..# #..Z.# #
###@##.#
#####......#
#.....#.####
#.....#...#
#.....###.#
#.........######.
#.........†......
#...
######.#<..######
#... #.#...###
#...


You could see a water moccasin skeleton.

Vanquished Creatures
  A hound (D:4)
  2 iguanas (D:4)
  An orc wizard (D:4)
  A hound skeleton (D:3)
  4 adders
  2 dart slugs
  3 orcs
  12 ball pythons
  7 endoplasms
  4 giant cockroaches
  5 goblins
  9 hobgoblins
  8 jackals (D:4)
  5 kobolds
  3 quokkas
  4 bats
  2 frilled lizards
73 creatures vanquished.

Notes
Turn   | Place    | Note
-------+----------+-------------------------------------------
     0 | D:1      | SnakkuSnakku7 the Human Enchanter began the quest for the
                  | Orb.
     0 | D:1      | Reached XP level 1. HP: 13/13 MP: 3/3
   194 | D:1      | Reached XP level 2. HP: 8/19 MP: 5/5
   376 | D:1      | Learned a level 2 spell: Ensorcelled Hibernation
  1172 | D:2      | Reached XP level 3. HP: 16/24 MP: 4/6
  1813 | D:2      | Reached XP level 4. HP: 30/30 MP: 7/7
  1835 | D:2      | Reached skill level 4 in Hexes
  2442 | D:3      | Found a shimmering altar of Xom.
  2517 | D:3      | Noticed Grinder
  2519 | D:3      | Reached XP level 5. HP: 35/35 MP: 8/8
  2525 | D:3      | Paralysed by Grinder for 2 turns
  2862 | D:4      | Found a staircase to the Ecumenical Temple.
  2874 | Temple   | Entered the Ecumenical Temple
  2882 | Temple   | Became a worshipper of Kikubaaqudgha
  3134 | D:4      | Reached XP level 6. HP: 41/41 MP: 7/9
  3397 | D:4      | Reached skill level 5 in Hexes
  3455 | D:4      | Found a shadowy altar of Dithmenos.
  3511 | D:4      | Slain by a water moccasin skeleton

Illustrated notes

Levels and vault maps discovered:
D:1:      onia_arrival_pyramid, layout_rooms, minmay_pentomino_x2
D:2:      minmay_chambers_of_ones, layout_rooms
D:3:      layout_loops_ring, mainiacjoe_overflow_paths, uniq_grinder
D:4:      layout_basic, kennysheep_little_box, mainiacjoe_overflow_alcove_1,
          minmay_temple_entry_glassed_door, minmay_misc_feat_four_crosses
Temple:   dpeg_chambers_temple

Skill      XL: |  1  2  3  4  5  6 |
---------------+-------------------+-----
Short Blades   | 2 3 4 |  4.0
Hexes          | 4 5 |  5.2
Dodging        | |  2.0
Stealth        | |  3.0
Spellcasting   | |  2.0

Action                   |  1- 3 |  4- 6 || total
-------------------------+-------+-------++-------
Melee: Dagger            |   108 |   171 ||   279
       Punch             |       |     2 ||     2
 Cast: Ensorcelled Hiber |     5 |    25 ||    30
  Use: Scroll            |       |     5 ||     5
       Potion            |       |     1 ||     1
 Stab: Sleeping          |     8 |    23 ||    31
Armor: Robe              |    21 |    36 ||    57
Dodge: Dodged            |    62 |    95 ||   157
